 Dungeon Crawl Stone Soup version 0.19-a0-1899-g2d93087 (webtiles) character file.

298 dobroeutro the Bolt Thrower (level 6, -4/38 HPs)
             Began as a Kobold Hunter on Oct 19, 2016.
             Was an Initiate of Okawaru.
             Killed by divine providence
             ... invoked by an orc priest
              (12 damage)
             ... on level 4 of the Dungeon.
             The game lasted 00:04:36 (3349 turns).

dobroeutro the Bolt Thrower (Kobold Hunter)         Turns: 3349, Time: 00:04:36

Health: -4/38      AC:  5    Str: 11    XL:     6   Next: 63%
Magic:  6/6        EV: 18    Int: 12    God:    Okawaru [......]
Gold:   111        SH:  4    Dex: 16    Spells: 0 memorised, 5 levels left

rFire  . . .     SeeInvis +     a - +1 hand crossbow
rCold  . . .     Gourm    .     c - +0 leather armour
rNeg   . . .     Faith    .     k - +0 buckler
rPois  .         Spirit   .     (no helmet)
rElec  .         Reflect  .     (no cloak)
rCorr  .         Harm     .     D - +1 pair of gloves
MR     .....                    (no boots)
Stlth  ++........               (no amulet)
                                g - ring of see invisible
                                o - +2 ring of evasion

@: no status effects
A: carnivore 3
a: Renounce Religion


You were on level 4 of the Dungeon.
You worshipped Okawaru.
Okawaru was noncommittal.
You were not hungry.

You visited 2 branches of the dungeon, and saw 5 of its levels.

You collected 111 gold pieces.

Inventory:

Hand Weapons
 a - a +1 hand crossbow (weapon)
 b - a +0 short sword
Missiles
 d - 24 bolts (quivered)
Armour
 c - a +0 leather armour (worn)
 k - a +0 buckler (worn)
 s - a +0 pair of gloves
 D - a +1 pair of gloves (worn)
Jewellery
 g - a ring of see invisible (right hand)
 n - an uncursed ring of resist corrosion
 o - a +2 ring of evasion (left hand)
Scrolls
 e - a scroll of recharging {unknown}
 h - 5 scrolls of remove curse {unknown}
 j - 3 scrolls of blinking {unknown}
 m - a scroll of fear {unknown}
 q - 2 scrolls of teleportation {unknown}
 r - a scroll of fog {unknown}
 u - a scroll of magic mapping {unknown}
 v - a scroll of enchant weapon {unknown}
 x - a scroll of identify {unknown}
 y - 2 scrolls of noise {unknown}
 z - 2 scrolls of amnesia {unknown}
Potions
 p - 2 potions of mutation {unknown}
 t - a potion of flight {unknown}
 w - a potion of degeneration {unknown}
 A - a potion of brilliance {unknown}
 B - a potion of might {unknown}
 C - a potion of ambrosia {unknown}
Comestibles
 f - a meat ration
 i - a royal jelly
 l - a beef jerky


   Skills:
 + Level 3.9 Fighting
 + Level 3.8 Short Blades
 + Level 6.1 Crossbows
 + Level 4.4 Dodging
 - Level 1.3 Stealth


You had 5 spell levels left.
You didn't know any spells.

Dungeon Overview and Level Annotations

Branches:
Dungeon (4/15)             Temple (1/1) D:4

Altars:
Ashenzari
Dithmenos
Elyvilon
Gozag
Kikubaaqudgha
Makhleb
Nemelex Xobeh
Okawaru
Qazlal
Ru
Sif Muna
Trog
Uskayaw
Vehumet
Xom
Yredelemnul
Zin


Innate Abilities, Weirdness & Mutations

You are small and have problems with some larger weapons.
You are carnivorous and can eat meat at any time.


Message History

The orc priest is almost dead.
The orc priest hits you with a flail!
* * * LOW HITPOINT WARNING * * *
The giant cockroach completely misses you.
The giant cockroach closely misses you.
Firing (i - inventory):
d - 26 bolts (quivered)
Press: ? - help, Shift-Dir - straight line, f/p - orc priest
Aim: an orc priest, wielding a flail (almost dead)
You shoot a bolt. The bolt closely misses the orc priest.
The bolt barely misses the orc wizard.
The orc priest closely misses you. You block the giant cockroach's attack.
Firing (i - inventory):
d - 25 bolts (quivered)
Press: ? - help, Shift-Dir - straight line, f/p - orc priest
Aim: an orc priest, wielding a flail (almost dead)
You shoot a bolt. The bolt closely misses the orc priest.
The bolt hits the orc wizard!
The orc wizard is severely wounded.
The orc priest mumbles some strange prayers to Beogh against you.
Beogh smites you!
You die...

.......(# .)......#
.......(# ........#
.......)# ......oo#
.......o########
#.@.......# #.s.......#
#........?#
########.........#
########................#
.................########
.......................####
.........###...............
.......### #........†......


You could see an orc priest, 2 orc wizards and a giant cockroach.

Vanquished Creatures
  A howler monkey (D:4)
  A hound (D:4)
  An orc wizard (D:2)
  Ijyb (D:3)
  Jessica (D:3)
  2 iguanas (D:4)
  2 adders (D:2)
  3 dart slugs
  5 worms
  3 leopard geckos
  4 orcs
  4 giant cockroaches
  7 goblins
  6 hobgoblins
  9 kobolds
  2 ball pythons (D:2)
  6 bats
  A frilled lizard (D:3)
  4 rats
63 creatures vanquished.

Notes
Turn   | Place    | Note
-------+----------+-------------------------------------------
     0 | D:1      | dobroeutro the Kobold Hunter began the quest for the Orb.
     0 | D:1      | Reached XP level 1. HP: 12/12 MP: 1/1
    74 | D:1      | Reached XP level 2. HP: 13/18 MP: 2/2
    88 | D:1      | Reached skill level 1 in Short Blades
   135 | D:1      | Reached skill level 5 in Crossbows
   401 | D:1      | Reached XP level 3. HP: 19/22 MP: 3/3
  1337 | D:2      | Reached XP level 4. HP: 23/27 MP: 4/4
  1393 | D:2      | Found a sacrificial altar of Ru.
  2503 | D:2      | Reached XP level 5. HP: 11/32 MP: 5/5
  2912 | D:3      | Noticed Jessica
  2914 | D:3      | Killed Jessica
  3082 | D:3      | Noticed Ijyb
  3095 | D:3      | Killed Ijyb
  3180 | D:4      | Found a staircase to the Ecumenical Temple.
  3219 | Temple   | Entered the Ecumenical Temple
  3235 | Temple   | Became a worshipper of Warmaster Okawaru
  3268 | D:4      | Reached XP level 6. HP: 33/37 MP: 6/6
  3309 | D:4      | Reached skill level 6 in Crossbows
  3349 | D:4      | Killed from afar by an orc priest

Vault maps used:
D:1:      dpeg_arrival_renting, st_stairs_11
D:2:      nicolae_ru_awakened_eye
D:3:      uniq_iyjb, uniq_jessica
Temple:   dpeg_three_leaves_temple

Skill      XL: |  1  2  3  4  5  6 |
---------------+-------------------+-----
Short Blades   | 1 2 3 |  3.8
Crossbows      | 5 6 |  6.1
Dodging        | 3 4 |  4.4
Fighting       | 3 |  3.9
Stealth        | |  1.3

Action                   |  1- 3 |  4- 6 || total
-------------------------+-------+-------++-------
Melee: Short sword       |   133 |   162 ||   295
 Fire: Hand crossbow     |     1 |    47 ||    48
 Stab: Sleeping          |     2 |     2 ||     4
  Eat: Chunk             |     1 |    10 ||    11
Armor: Leather armour    |    35 |    17 ||    52
Dodge: Dodged            |    83 |   130 ||   213
Block: Buckler           |    36 |    30 ||    66
